 Dungeon Crawl Stone Soup version 0.27.1-34-g3ba077fa99 (webtiles) character file.

Game seed: 17165014566214881438

10571 Karpo the Covert (level 11, -3/55 HPs)
             Began as a Spriggan Enchanter on Feb 1, 2022.
             Was a Believer of Dithmenos.
             Killed by mirror damage (7 damage)
             ... on level 11 of the Dungeon on Feb 3, 2022.
             The game lasted 00:59:59 (17824 turns).

Karpo the Covert (Spriggan Enchanter)              Turns: 17824, Time: 01:00:01

Health: -3/55      AC:  4    Str:  4    XL:     11   Next: 37%
Magic:  19/21      EV: 23    Int: 20    God:    Dithmenos [**....]
Gold:   561        SH:  0    Dex: 16    Spells: 7/22 levels left

rFire    + . .     SeeInvis +   a - +1 dagger (freeze)
rCold    . . .     Faith    .   (shield restricted)
rNeg     . . .     Spirit   .   r - +2 robe {rF+}
rPois    +         Reflect  .   (helmet restricted)
rElec    .         Harm     .   (no cloak)
rCorr    +         Rampage  .   (gloves unavailable)
Will     +....                  (boots unavailable)
Stlth    +++++++...             E - amulet of the acrobat
HPRegen  0.18/turn              i - ring of resist corrosion
MPRegen  0.17/turn              p - ring of poison resistance

@: wreathed by umbra, very quick
A: very small, no large weapons, unfitting armour, see invisible, speed 3,
subdued magic 1
a: Renounce Religion, Shadow Step


You were on level 11 of the Dungeon.
You worshipped Dithmenos.
Dithmenos was pleased with you.
You visited 2 branches of the dungeon, and saw 13 of its levels.

You collected 561 gold pieces.

Inventory:

Hand Weapons
 a - a +1 dagger of freezing (weapon)
 b - a +2 short sword of venom
 m - a +2 rapier of draining
 q - a +0 whip of draining
 s - a +1 whip of electrocution
 t - a +2 spectral quarterstaff
 H - a +5 spear of freezing
 L - a +1 rapier of flaming
 O - a +2 scimitar of venom
Missiles
 f - 113 poisoned darts
 I - 6 throwing nets
Armour
 r - a +2 robe of fire resistance (worn)
 P - a +2 robe of willpower
Jewellery
 c - the ring "Ehuss" {Fire Contam rCorr Str+7 Dex+3}
   (You found it on level 6 of the Dungeon)

   [ring of fire]

   It enhances your fire magic.
   Str:       It affects your strength (+7).
   Dex:       It affects your dexterity (+3).
   rF:        It protects you from fire.
   rC:        It makes you vulnerable to cold.
   Contam:    It causes magical contamination when unequipped.
   rCorr:     It protects you from acid and corrosion.
 i - a ring of resist corrosion (left hand)
 k - a ring of fire
 p - a ring of poison resistance (right hand)
 D - an amulet of guardian spirit
 E - an amulet of the acrobat (around neck)
 J - a ring of protection from fire
Wands
 u - a wand of flame (35)
 v - a wand of iceblast (6)
 z - a wand of paralysis (7)
 M - a wand of charming (12)
 N - a wand of acid (4)
Scrolls
 d - 5 scrolls of noise
 h - a scroll of teleportation
 l - 3 scrolls of amnesia
 y - a scroll of enchant armour
 B - 2 scrolls of immolation
 F - 2 scrolls of fog
 G - a scroll of identify
Potions
 e - 3 potions of lignification
 g - 4 potions of curing
 j - 4 potions of attraction
 n - 3 potions of brilliance
 o - 3 potions of resistance
 w - 3 potions of heal wounds
 A - 2 potions of invisibility
 K - 3 potions of degeneration
 R - 2 potions of might


   Skills:
 + Level 5.0 Fighting
 + Level 9.6 Short Blades
 + Level 10.2 Dodging
 + Level 13.7 Stealth
 - Level 6.0 Spellcasting
 + Level 9.9 Hexes


You had 7 spell levels left.
You knew the following spells:

 Your Spells              Type           Power      Damage    Failure   Level
a - Dazzling Flash        Conj/Hex       38%        N/A       3%          3
b - Ensorcelled Hibernat  Hex/Ice        38%        N/A       1%          2
c - Confusing Touch       Hex            35%        N/A       1%          3
d - Tukima's Dance        Hex            35%        N/A       1%          3
e - Cause Fear            Hex            17%        N/A       1%          4

Your spell library contained the following spells:

 Spells                   Type           Power      Damage    Failure   Level
 Corona                   Hex            38%        N/A       1%          1
 Inner Flame              Hex/Fire       19%        N/A       3%          3
 Sublimation of Blood     Necr           2%         N/A       13%         2
 Petrify                  Tmut/Erth      4%         N/A       67%         4
 Irradiate                Conj/Tmut      2%         3d14      95%         5
 Discord                  Hex            17%        N/A       100%        8


Dungeon Overview and Level Annotations

Branches:
Dungeon (12/15)            Temple (1/1) D:6            Lair (0/6) D:11
    Orc (0/2) D:11

Altars:
Ashenzari
Cheibriados
Dithmenos
Elyvilon
Fedhas
Gozag
Hepliaklqana
Kikubaaqudgha
Makhleb
Nemelex Xobeh
Okawaru
Qazlal
Ru
Sif Muna
Trog
Uskayaw
Vehumet
Wu Jian
Xom
Yredelemnul
Zin
The Shining One

Shops:
D:1 =   D:5 ?   D:10 [

Annotations:
D:10 exclusions: obsidian statue and orange crystal statue


Innate Abilities, Weirdness & Mutations

You are very small and have problems with some larger weapons.
You are too small for most types of armour.
You have supernaturally acute eyesight. (SInv)
You cover ground extremely quickly. (Speed+++)
Your spells are a little easier to cast, but a little less powerful.


Message History

Confirm with . or Enter, or press ? or * to list all spells.
Your hands begin to glow red.
The death knight offers itself to Yredelemnul, and fills with unholy energy.
The death knight completely misses you.
You hit the death knight but do no damage.
The death knight hits you with a +0 halberd!
You hit the death knight but do no damage.
The death knight appears confused.
You hit the death knight but do no damage.
You hit the death knight. You freeze the death knight.
The death knight is lightly wounded.
The death knight reflects your damage back at you!
You hit the death knight but do no damage.
The death knight is lightly wounded.
You strike the helpless death knight from behind!
You perforate the death knight like a sieve!!!
You freeze the death knight!
The death knight is severely wounded.
The death knight reflects your damage back at you!
Ouch! That really hurt!
* * * LOW HITPOINT WARNING * * *
Aiming: Corrosive Bolt
Press: ? - help, Shift-Dir - straight line, f - death knight
Aim: a death knight, wielding a +0 halberd and wearing a +0 chain mail (severely wounded, reflecting injuries, confused, 90% to hit)
The bolt of acid misses the death knight.
Aiming: Corrosive Bolt
Press: ? - help, Shift-Dir - straight line, f/p - death knight
Aim: a death knight, wielding a +0 halberd and wearing a +0 chain mail (severely wounded, reflecting injuries, confused, 90% to hit)
The bolt of acid hits the death knight.
The death knight is splashed with acid.
The acid corrodes the death knight!
The death knight is almost dead.
The death knight reflects your damage back at you!
* * * LOW HITPOINT WARNING * * *
Aiming: Corrosive Bolt
Press: ? - help, Shift-Dir - straight line, f/p - death knight
Aim: a death knight, wielding a +0 halberd and wearing a +0 chain mail (almost dead, reflecting injuries, confused, covered in acid, umbra, 90% to hit)
The bolt of acid hits the death knight!
The death knight is splashed with acid.
The death knight is almost dead.
The death knight reflects your damage back at you!
You die...

##..........##
*******#..........#.#
*,,...............#.#
,,,#####............##
,,**,*,##..........#.##
,,*,,,,,##.........##.#
,,+,***,,#.........####
,,+,,,,,,#..........#
,,+,***,,#......@...#
..#K,,,,*#..........#
..##,*,##...........#
...#####..........p.#
...................##
...................#
...................#
........$..........#
..................##


You could see a death knight (reflects damage, confused, corroded).

Vanquished Creatures
  Harold (D:9)
  A two-headed ogre (D:8)
  A phantasmal warrior (D:11)
  Pikel (D:4)
  A cyclops (D:10)
  An unseen horror (D:10)
  2 ice devils (D:11)
  A troll (D:11)
  Prince Ribbit (D:6)
  A shadow (D:10)
  2 wraiths (D:10)
  A wyvern (D:10)
  9 yaks
  3 water moccasins
  Duvessa (D:4)
  2 black bears (D:4)
  6 orc warriors
  An ice beast (D:7)
  2 necrophages
  An ogre (D:5)
  4 centaurs
  A lemure (D:4)
  2 phantoms
  3 kobold brigands
  2 scorpions
  5 bullfrogs
  Dowan (D:4)
  2 water moccasin zombies
  4 killer bees (D:10)
  3 wights (D:8)
  3 howler monkeys
  3 centaur zombies
  A bullfrog zombie (D:6)
  2 jellies (D:10)
  3 hounds
  10 orc priests
  2 centaur skeletons
  2 gnoll shamans
  Ijyb (D:4)
  2 iguanas
  Natasha (thrice) (D:4)
  9 orc wizards
  A hound zombie (D:5)
  2 howler monkey zombies
  Robin (D:3)
  15 gnolls
  7 adders
  A shadow imp (D:6)
  3 white imps
  An ufetubus (D:6)
  An adder skeleton (D:4)
  2 dart slugs (D:2)
  34 orcs
  7 ball pythons
  7 bats
  3 endoplasms
  9 giant cockroaches
  21 goblins
  7 hobgoblins
  3 jackals (D:4)
  5 quokkas
  2 frilled lizards
  21 kobolds
  7 rats
  A spectral kobold (D:2)
268 creatures vanquished.

Vanquished Creatures (others)
  An orc wizard (D:9)
  24 plants
25 creatures vanquished.

Grand Total: 293 creatures vanquished

Notes
Turn   | Place    | Note
-------+----------+-------------------------------------------
     0 | D:1      | Karpo the Spriggan Enchanter began the quest for the Orb.
     0 | D:1      | Reached XP level 1. HP: 9/9 MP: 5/5
    18 | D:1      | Found Qepuagas's Jewellery Emporium.
   493 | D:1      | Reached XP level 2. HP: 11/13 MP: 6/6
   513 | D:1      | Reached skill level 5 in Stealth
   581 | D:1      | Learned a level 2 spell: Ensorcelled Hibernation
  1395 | D:2      | Reached XP level 3. HP: 16/16 MP: 2/8
  1493 | D:2      | Found a faded altar of an unknown god.
  1557 | D:2      | Learned a level 3 spell: Confusing Touch
  2259 | D:2      | Reached skill level 6 in Stealth
  2489 | D:2      | Reached XP level 4. HP: 21/21 MP: 9/9
  2849 | D:4      | Noticed a necrophage
  3274 | D:3      | Noticed Robin
  3557 | D:3      | Killed Robin
  4157 | D:4      | Noticed Natasha
  4166 | D:4      | Noticed Duvessa
  4183 | D:4      | Noticed Dowan
  4355 | D:4      | Noticed a black bear
  4362 | D:4      | Killed a black bear
  4363 | D:4      | Reached skill level 7 in Stealth
  4363 | D:4      | Reached XP level 5. HP: 24/24 MP: 1/10
  4463 | D:4      | Noticed a black bear
  4912 | D:3      | Reached skill level 8 in Stealth
  5090 | D:3      | Learned a level 3 spell: Tukima's Dance
  5126 | D:4      | Killed a necrophage
  5127 | D:4      | Reached skill level 5 in Short Blades
  5127 | D:4      | Reached XP level 6. HP: 18/28 MP: 8/11
  5275 | D:5      | Entered Level 5 of the Dungeon
  5730 | D:4      | Reached skill level 5 in Hexes
  5730 | D:4      | Reached XP level 7. HP: 27/32 MP: 8/14
  5778 | D:4      | Learned a level 4 spell: Cause Fear
  5793 | D:4      | Killed Duvessa
  5803 | D:4      | Killed Dowan
  6034 | D:4      | Noticed Pikel
  6083 | D:4      | Killed Pikel
  6084 | D:4      | Reached skill level 1 in Fighting
  6084 | D:4      | Reached XP level 8. HP: 29/38 MP: 12/15
  6454 | D:4      | Killed Natasha
  6464 | D:4      | Noticed Natasha
  6475 | D:4      | Killed Natasha
  6630 | D:4      | Noticed Natasha
  6645 | D:4      | Killed Natasha
  6646 | D:4      | Reached skill level 5 in Dodging
  6740 | D:4      | Noticed Ijyb
  6747 | D:4      | Killed Ijyb
  6942 | D:5      | Learned a level 3 spell: Dazzling Flash
  8472 | D:5      | Found Dosacwid's Magic Scroll Emporium.
  8530 | D:5      | Found a bloodstained altar of Trog.
  9051 | D:6      | Noticed Prince Ribbit
  9060 | D:6      | Killed Prince Ribbit
  9061 | D:6      | Reached skill level 9 in Stealth
  9061 | D:6      | Reached XP level 9. HP: 44/44 MP: 16/16
  9171 | D:6      | Identified the ring "Ehuss" {Fire Contam rCorr Str+7 Dex+3}
  9729 | D:6      | Found a staircase to the Ecumenical Temple.
  9738 | Temple   | Entered the Ecumenical Temple
  9848 | Temple   | Became a worshipper of Dithmenos the Shadowed
  9983 | D:6      | Reached skill level 10 in Stealth
 10499 | D:7      | Found an ornate altar of the Wu Jian Council.
 10954 | D:7      | Reached skill level 11 in Stealth
 10984 | D:7      | Reached * piety under Dithmenos
 11451 | D:8      | Found an opulent altar of Gozag.
 11639 | D:8      | Noticed a two-headed ogre
 11652 | D:8      | Killed a two-headed ogre
 11653 | D:8      | Reached skill level 12 in Stealth
 11653 | D:8      | Reached XP level 10. HP: 49/49 MP: 11/17
 12811 | D:9      | Reached ** piety under Dithmenos
 12904 | D:9      | Reached skill level 5 in Spellcasting
 13918 | D:9      | Noticed Harold
 13925 | D:9      | Killed Harold
 14060 | D:10     | Entered Level 10 of the Dungeon
 14175 | D:8      | Found a basalt altar of Yredelemnul.
 14202 | D:10     | Reached skill level 13 in Stealth
 14231 | D:10     | Found Tuyror's Antique Armour Boutique.
 14458 | D:10     | Reached XP level 11. HP: 54/54 MP: 7/21
 14608 | D:10     | Noticed an obsidian statue
 14636 | D:10     | Found a glowing silver altar of Zin.
 14643 | D:10     | Noticed an orange crystal statue
 14875 | D:11     | Noticed a death knight
 14875 | D:11     | Noticed a phantasmal warrior
 14877 | D:11     | Killed a phantasmal warrior
 15130 | D:11     | Found a frozen archway.
 15137 | D:11     | Gained mutation: Your spells are a little easier to cast,
                  | but a little less powerful. [mutagenic glow]
 16109 | D:10     | Found a shimmering altar of Xom.
 16199 | D:10     | Reached skill level 10 in Dodging
 17116 | D:11     | Reached skill level 5 in Fighting
 17257 | D:11     | Found a staircase to the Orcish Mines.
 17263 | D:11     | Noticed a death yak
 17264 | D:11     | Noticed a death yak
 17287 | D:11     | Noticed a death yak
 17287 | D:11     | Noticed a death yak
 17824 | D:11     | Killed by mirror damage

Illustrated notes

Levels and vault maps discovered:
D:1:      tarquinn_simple_flora_water_e, layout_basic, serial_shops,
          nicolae_shop_window_shopping
D:2:      layout_basic, dreamdust_ecumenical_altar_drowned_temple
D:3:      layout_loops_cross, serial_park_tiny_2, uniq_robin
D:4:      kennysheep_goblin_castle, layout_rooms, serial_bayou,
          serial_bayou_pond_d, serial_bayou_pond_a, serial_bayou_pond_c,
          serial_bayou_pond_a, uniq_natasha, uniq_pikel, uniq_duvessa
D:5:      layout_gridville, trog_book, serial_shops, kennysheep_mini,
          minmay_misc_feat_columns
D:6:      layout_loops_corners, temple_statues, uniq_prince_ribbit1
D:7:      layout_basic, nzn_wu_jian_contemplation, hangedman_decor_growths
D:8:      layout_rooms, nicolae_overflow_hidden_temple,
          nicolae_gozag_cash_rules_everything_around_me
D:9:      layout_basic, uniq_harold
D:10:     minmay_separated_statues, layout_loops_cross,
          mainiacjoe_overflow_tiny_flanked, dk_xom_monty_hall, serial_shops,
          shop_statue, st_stairs_13
D:11:     layout_layer_cave, dpeg_lair_monsters, orc_0_dummy,
          portal_ice_cave_demonic_guard, gammafunk_ghost_nasty_kobolds,
          minivault_27
D:12:     minmay_distorted_concentric_squares, layout_irregular_city
Temple:   regret_index_temple_sphere_string

Skill      XL: |  1  2  3  4  5  6  7  8  9 10 11 |
---------------+----------------------------------+-----
Stealth        | 5 6 7 8 9 12 13 | 13.7
Short Blades   | 2 3 4 5 8 9 |  9.6
Spellcasting   | 3 4 6 |  6.0
Hexes          | 4 5 8 9 |  9.9
Fighting       | 1 3 4 5 |  5.0
Dodging        | 4 8 9 10 | 10.2

Action                   |  1- 3 |  4- 6 |  7- 9 | 10-12 || total
-------------------------+-------+-------+-------+-------++-------
Melee: Dagger            |   165 |   193 |   449 |   413 ||  1220
 Cast: Ensorcelled Hiber |    10 |    25 |    84 |    75 ||   194
       Confusing Touch   |       |     2 |     8 |    15 ||    25
Evoke: Wand              |       |       |       |     4 ||     4
  Use: Potion            |       |     1 |       |       ||     1
       Scroll            |       |       |     8 |    11 ||    19
 Stab: Sleeping          |    17 |    18 |    61 |    50 ||   146
       Confused          |       |     1 |     7 |    11 ||    19
       Distracted        |       |     1 |     2 |     6 ||     9
Armor: Robe              |    16 |    17 |    44 |    32 ||   109
Dodge: Dodged            |    98 |   162 |   390 |   316 ||   966
